 Dungeon Crawl Stone Soup version 0.28-a0-1143-gcf6077d4cc (webtiles) character file.

Game seed: 12161491150515830916

12917 ytrimaz the Protected (level 12, 0/88 HPs)
             Began as a Formicid Fighter on Dec 13, 2021.
             Was a Believer of Ru.
             Slain by Snorg (12 damage)
             ... on level 11 of the Dungeon.
             The game lasted 00:11:28 (12075 turns).

ytrimaz the Protected (Formicid Fighter)           Turns: 12075, Time: 00:11:29

Health: 0/88       AC: 20    Str: 28    XL:     12   Next: 26%
Magic:  12/12      EV: 10    Int:  9    God:    Ru [**....]
Gold:   501        SH: 12    Dex: 18    Spells: 11/11 levels left

rFire   . . .      SeeInvis +   q - +11 hand axe of the Swamp {vamp, Int-4 Dex+6 Stlth+}
rCold   . . .      Faith    .   E - +0 kite shield
rNeg    + + +      Spirit   .   t - +8 chain mail of Gozag's Fury {rCorr}
rPois   +          Reflect  .   (helmet unavailable)
rElec   .          Harm     .   f - scarf {shadows}
rCorr   +          Rampage  .   (no gloves)
Will    +....                   (no boots)
Stlth   ..........              (no amulet)
HPRegen 0.24/turn               w - +6 ring of strength
MPRegen 0.13/turn               a - ring "Lorah" {rPois rN+++ Str-4 Int+5 Dex+2}

@: mighty, invisible
A: permanent stasis, dig shafts and tunnels, antennae 3, frail 1, no stealth,
four strong arms
a: Dig, Shaft Self, Renounce Religion


You were on level 11 of the Dungeon.
You worshipped Ru.
Ru was pleased with you.
You visited 2 branches of the dungeon, and saw 12 of its levels.
You also visited: Ossuary.

You collected 501 gold pieces.

Inventory:

Hand Weapons
 q - the +11 hand axe of the Swamp (weapon) {vamp, Int-4 Dex+6 Stlth+}
   (You found it on level 5 of the Dungeon)

   It occasionally heals its wielder for a portion of the damage dealt when it
   wounds a living foe.
   Int:       It affects your intelligence (-4).
   Dex:       It affects your dexterity (+6).
   Stlth:     It makes you more stealthy.
 x - a +1 war axe of electrocution
 F - a +0 executioner's axe
Armour
 f - a scarf of shadows (worn)
 t - the +8 chain mail of Gozag's Fury (worn) {rCorr}
   (You found it on level 6 of the Dungeon)

   rCorr:     It protects you from acid and corrosion.
 E - a +0 kite shield (worn)
Jewellery
 a - the ring "Lorah" (right hand) {rPois rN+++ Str-4 Int+5 Dex+2}
   (You acquired it on level 9 of the Dungeon)

   [ring of poison resistance]

   Str:       It affects your strength (-4).
   Int:       It affects your intelligence (+5).
   Dex:       It affects your dexterity (+2).
   rPois:     It protects you from poison.
   rN:        It renders you almost immune to negative energy.
 i - a ring of resist corrosion
 r - a +4 ring of evasion
 w - a +6 ring of strength (left hand)
 B - a ring of fire
 C - a ring of positive energy
Wands
 d - a wand of iceblast (17) (quivered)
 j - a wand of paralysis (2)
 l - a wand of polymorph (11)
 m - a wand of flame (20)
Scrolls
 b - a scroll of immolation
 p - a scroll of fear
 y - a scroll of holy word
 z - 2 scrolls of enchant weapon
 A - 2 scrolls of magic mapping
 D - a scroll of enchant armour
Potions
 g - a potion of brilliance
 h - 2 potions of lignification
 k - 3 potions of curing
 s - 2 potions of attraction
 u - a potion of resistance {unknown}
 v - a potion of flight {unknown}


   Skills:
 * Level 10.4 Fighting
 + Level 10.8 Axes
 * Level 11.7 Armour
 - Level 3.1 Dodging
 - Level 9.0 Shields
 + Level 0.9 Evocations


You had 11 spell levels left.
You didn't know any spells.
Your spell library contained the following spells:

 Spells                   Type           Power      Damage    Failure   Level
 Apportation              Tloc           0%         N/A       85%         1
 Shock                    Conj/Air       0%         1d3       85%         1
 Sticky Flame             Conj/Fire      0%         2d3       100%        4
 Alistair's Intoxication  Tmut/Pois      0%         N/A       100%        5
 Eringya's Noxious Bog    Tmut/Pois      0%         N/A       100%        6
 Lehudib's Crystal Spear  Conj/Erth      0%         10d2      100%        8


Dungeon Overview and Level Annotations

Branches:
Dungeon (11/15)            Temple (1/1) D:6            Lair (0/6) D:9
Ossuary (visited)
    Orc: D:9-12

Altars:
Ashenzari
Cheibriados
Dithmenos
Elyvilon
Fedhas
Gozag
Hepliaklqana
Kikubaaqudgha
Makhleb
Nemelex Xobeh
Okawaru
Qazlal
Ru
Sif Muna
Trog
Uskayaw
Vehumet
Wu Jian
Xom
Yredelemnul
Zin
The Shining One

Portals:
Abyss: D:9

Annotations:
D:9 2 transporters, MuffinSoup's ghost, novice DsWz
D:11 Snorg


Innate Abilities, Weirdness & Mutations

You cannot be hasted, slowed, berserked, paralysed or teleported.
You can dig through walls and to a lower floor.
You have a pair of large antennae on your head. (SInv)
You are frail. (-10% HP)
You cannot be stealthy.
Your four strong arms can wield two-handed weapons with a shield.


Message History

You hit Snorg but do no damage.
Snorg is severely wounded.
You block Snorg's attack. Snorg closely misses you. Snorg claws you!!
* * * LOW HITPOINT WARNING * * *
You slash Snorg!
Snorg is severely wounded.
You block Snorg's attack. Snorg claws you!
* * * LOW HITPOINT WARNING * * *
You block Snorg's attack.
Unknown command.
You feel much better. Snorg bites you. Snorg claws you.
* * * LOW HITPOINT WARNING * * *
You block Snorg's attack. Snorg bites you!!
* * * LOW HITPOINT WARNING * * *
You focus your inner power and blind Snorg in retribution!
Snorg closely misses you. x2
Unknown command.
You feel much better. Snorg bites you!
* * * LOW HITPOINT WARNING * * *
You focus your inner power and blind Snorg in retribution!
Snorg barely misses you. You block Snorg's attack.
Unknown command.
Okay, then.
You fade into invisibility!
Snorg closely misses you. Snorg barely misses you. You block Snorg's attack.
Snorg bites you.
* * * LOW HITPOINT WARNING * * *
You block Snorg's attack. Snorg claws you but does no damage.
Unknown command.
You feel very mighty all of a sudden. Snorg misses you.
You block Snorg's attack. Snorg claws you but does no damage.
You slice Snorg!!
Snorg is severely wounded.
Snorg barely misses you. You block Snorg's attack. Snorg closely misses you.
Unknown command.
You catch the helpless Snorg completely off-guard!
You slash Snorg!
You feel better.
Snorg is almost dead.
Snorg bites you!
You die...

###########
#.....@T..#
.#####.#######.#
............#
######.####.#
#.# #.# #.# #.
##.## #. #...# .


You could see Snorg (berserk, blind).

Vanquished Creatures
  Erica (D:8)
  2 two-headed ogres
  Pikel (D:3)
  2 manticores
  A gargoyle (D:11)
  Maggie (D:8)
  An unseen horror (D:8)
  2 komodo dragons
  A troll (D:6)
  Grinder (D:5)
  15 yaks
  A wyvern (D:9)
  A steam dragon (D:6)
  Grum (D:8)
  2 vampire mosquitoes (D:10)
  An acid dragon (D:8)
  4 water moccasins
  An orc warrior (D:10)
  An ice beast (D:5)
  A sky beast (D:7)
  A necrophage (D:7)
  4 ogres
  4 wolves (D:8)
  4 centaurs
  A phantom (D:7)
  2 kobold brigands
  2 bullfrogs
  2 gnoll sergeants
  4 scorpions
  6 water moccasin zombies
  16 killer bees
  5 wights (D:9)
  2 bullfrog zombies (D:6)
  4 centaur zombies
  9 hounds
  2 centaur skeletons (D:7)
  2 jellies
  2 bullfrog skeletons (D:6)
  2 gnoll shamans
  4 orc priests
  Jessica (D:3)
  4 iguanas
  Ijyb (D:3)
  8 orc wizards
  2 killer bee zombies
  2 mummies (Ossuary)
  A howler monkey zombie (D:7)
  10 gnolls
  A howler monkey skeleton (D:6)
  6 adders
  3 white imps (D:7)
  3 ufetubi
  3 adder zombies (Ossuary)
  2 worms
  A dart slug (D:1)
  27 orcs
  6 endoplasms
  4 giant cockroaches
  3 gnoll zombies (Ossuary)
  9 goblins
  8 hobgoblins
  3 quokkas
  3 ball pythons
  4 bats
  5 frilled lizards
  8 hobgoblin zombies (Ossuary)
  5 kobolds
  3 kobold zombies (Ossuary)
  4 orc zombies (Ossuary)
  6 rats
265 creatures vanquished.

Vanquished Creatures (others)
  12 plants
12 creatures vanquished.

Grand Total: 277 creatures vanquished

Notes
Turn   | Place    | Note
-------+----------+-------------------------------------------
     0 | D:1      | ytrimaz the Formicid Fighter began the quest for the Orb.
     0 | D:1      | Reached XP level 1. HP: 18/18 MP: 1/1
   304 | D:1      | Reached XP level 2. HP: 24/24 MP: 2/2
  1148 | D:2      | Reached XP level 3. HP: 18/30 MP: 3/3
  2074 | D:3      | Reached XP level 4. HP: 32/37 MP: 4/4
  2293 | D:3      | Got Doigaibb's Papyrus of Venomous Conjuration
  2298 | D:3      | Found a faded altar of an unknown god.
  2323 | D:3      | Reached skill level 4 in Armour
  2417 | D:3      | Reached XP level 5. HP: 28/42 MP: 5/5
  2738 | D:3      | Noticed Ijyb
  2744 | D:3      | Killed Ijyb
  2877 | D:3      | Noticed Jessica
  2880 | D:3      | Killed Jessica
  2920 | D:3      | Reached XP level 6. HP: 49/49 MP: 6/6
  3262 | D:4      | Noticed Pikel
  3381 | D:3      | Killed Pikel
  3382 | D:3      | Reached skill level 5 in Fighting
  3382 | D:3      | Reached skill level 5 in Armour
  3382 | D:3      | Reached skill level 5 in Shields
  3382 | D:3      | Reached XP level 7. HP: 10/56 MP: 7/7
  4322 | D:5      | Entered Level 5 of the Dungeon
  4327 | D:5      | Reached XP level 8. HP: 55/62 MP: 8/8
  4331 | D:5      | Reached skill level 1 in Dodging
  4545 | D:5      | Reached skill level 6 in Armour
  4550 | D:5      | Reached skill level 5 in Axes
  4723 | D:5      | Identified the +11 hand axe of the Swamp {vamp, Int-4 Dex+6
                  | Stlth+}
  4974 | D:5      | Noticed Grinder
  4982 | D:5      | Killed Grinder
  5209 | D:5      | Identified the +8 dagger of Moderation {speed, Stlth+}
  5626 | D:6      | Found a sand-covered staircase.
  5649 | Ossuary  | Entered an ossuary
  5670 | Ossuary  | Reached skill level 7 in Armour
  5670 | Ossuary  | Reached XP level 9. HP: 56/69 MP: 9/9
  6015 | D:6      | Found a staircase to the Ecumenical Temple.
  6031 | Temple   | Entered the Ecumenical Temple
  6443 | Temple   | Became a worshipper of Ru the Awakened
  6630 | D:6      | Identified the +3 chain mail of Going Fast {Stlth+}
  7096 | D:6      | Noticed a troll
  7103 | D:6      | Reached skill level 8 in Armour
  7110 | D:6      | Killed a troll
  7111 | D:6      | Reached XP level 10. HP: 41/79 MP: 10/10
  7117 | D:6      | Identified the +7 mace of Viygodib {freeze, Str+4}
  7126 | D:6      | Identified the +8 chain mail of Gozag's Fury {rCorr}
  7997 | D:7      | Noticed a manticore
  8009 | D:7      | Killed a manticore
  8103 | D:7      | Reached skill level 9 in Armour
  8218 | D:7      | Gained mutation: You cannot be stealthy. [Ru sacrifice]
  8416 | D:7      | Found a glowing golden altar of the Shining One.
  8416 | D:7      | Found a white marble altar of Elyvilon.
  8697 | D:8      | Noticed Erica
  8710 | D:8      | Killed Erica
  8810 | D:8      | Noticed Maggie
  8827 | D:8      | Killed Maggie
  8828 | D:8      | Reached XP level 11. HP: 67/87 MP: 11/11
  9156 | D:8      | Noticed Grum
  9163 | D:8      | Killed Grum
  9214 | D:8      | Reached skill level 10 in Armour
  9241 | D:8      | Noticed a two-headed ogre
  9249 | D:8      | Killed a two-headed ogre
  9557 | D:9      | Reached skill level 10 in Axes
  9716 | D:9      | Found a hazy altar of Hepliaklqana.
  9787 | D:9      | Noticed a toenail golem
  9821 | D:9      | Found a transporter.
 10422 | D:9      | Identified a scroll of acquirement
 10422 | D:9      | Acquired the ring "Lorah" {rPois rN+++ Str-4 Int+5 Dex+2}
 10455 | D:9      | Found a staircase to the Lair.
 10528 | D:9      | Found a transporter.
 10533 | D:9      | Noticed a hell hog
 10534 | D:9      | Noticed MuffinSoup's ghost (novice DsWz)
 10535 | D:9      | Noticed a skeletal warrior
 10536 | D:9      | Found a one-way gate to the infinite horrors of the Abyss.
 10762 | D:10     | Entered Level 10 of the Dungeon
 10769 | D:10     | Noticed a two-headed ogre
 10782 | D:10     | Killed a two-headed ogre
 10783 | D:10     | Reached skill level 11 in Armour
 10837 | D:10     | Noticed a manticore
 10849 | D:10     | Killed a manticore
 10859 | D:10     | Gained mutation: You are frail. (-10% HP) [Ru sacrifice]
 10859 | D:10     | Reached * piety under Ru
 10859 | D:10     | Reached ** piety under Ru
 11304 | D:10     | Reached skill level 10 in Fighting
 11304 | D:10     | Reached XP level 12. HP: 87/87 MP: 12/12
 11526 | D:10     | Found a glowing silver altar of Zin.
 12051 | D:11     | Noticed Snorg
 12063 | D:11     | HP: 2/88 [Snorg (10)]
 12069 | D:11     | HP: 2/88 [Snorg (7)]
 12075 | D:11     | Slain by Snorg

Illustrated notes

Levels and vault maps discovered:
D:1:      arrival_zaba_pyramid, layout_basic
D:2:      cheibrodos_old_hovel, layout_loops_ring
D:3:      layout_basic, basic_ecumenical_altar, uniq_ijyb, uniq_jessica
D:4:      layout_cave_pools, grunt_decor_junction, uniq_pikel
D:5:      layout_cave_pods, uniq_grinder
D:6:      kennysheep_windowed_halls, layout_basic,
          minmay_temple_entry_gardened_gates,
          lightli_ossuary_entry_decrepit_ruins
D:7:      minmay_s_stair_smasher, layout_basic, amethyst_overflow_temple_binary
D:8:      layout_loops_ring, minmay_stone_trees_small, uniq_erica, uniq_maggie,
          uniq_grum
D:9:      layout_basic, nicolae_overflow_hidden_temple, david_lair_shrubbed,
          gammafunk_ghost_abyssal_escape, kennysheep_generic_room_15
D:10:     layout_gridville, zin_scriptorium
D:11:     layout_loops_ring, ebering_ghost_funeral_grove,
          kennysheep_generic_room_3, uniq_snorg
Temple:   dpeg_five_rooms_temple

Skill      XL: |  1  2  3  4  5  6  7  8  9 10 11 12 |
---------------+-------------------------------------+-----
Shields        | 4 5 7 8 9 |  9.0
Armour         | 4 5 7 8 9 11 | 11.7
Fighting       | 4 5 6 7 8 10 | 10.4
Axes           | 3 4 6 7 9 10 | 10.8
Dodging        | 1 2 3 |  3.1
Evocations     | |  0.9

Action                   |  1- 3 |  4- 6 |  7- 9 | 10-12 || total
-------------------------+-------+-------+-------+-------++-------
Melee: War axe           |    93 |    84 |    79 |       ||   256
       Hand axe          |       |       |   170 |   412 ||   582
Invok: Sacrifice Stealth |       |       |       |     1 ||     1
       Sacrifice Health  |       |       |       |     1 ||     1
Evoke: Wand              |       |     2 |     3 |       ||     5
  Use: Scroll            |     1 |     4 |     7 |     8 ||    20
       Potion            |       |     4 |     1 |     6 ||    11
 Stab: Paralysed         |       |       |     3 |       ||     3
       Distracted        |       |       |       |     1 ||     1
       Invisible         |       |       |       |     1 ||     1
Armor: Scale mail        |    47 |    39 |    90 |       ||   176
       Chain mail        |       |       |       |   158 ||   158
Dodge: Dodged            |    42 |    36 |   108 |   202 ||   388
Block: Buckler           |    22 |    21 |    75 |   120 ||   238
       Kite shield       |       |       |       |    23 ||    23

Table legend: (Time is in decaauts)
 A = Elapsed time spent in this place.
 B = Non-inter-level travel time spent in this place.
 C = Inter-level travel time spent in this place.
 D = Time resting spent in this place.
 E = Time spent auto-exploring this place.
 F = Levels seen in this place.
 G = Mean time per level.
                   A        B        C        D        E       F      G
               +--------+--------+--------+--------+--------+-----+--------+
         Total |  12083 |  11655 |    428 |     94 |   9521 |  13 |  929.5 |
       Dungeon |  11360 |  10980 |    380 |     94 |   8954 |  11 | 1032.7 |
        Temple |    461 |    413 |     48 |      0 |    399 |   1 |  461.0 |
       Ossuary |    260 |    260 |      0 |      0 |    168 |   1 |  260.0 |
               +--------+--------+--------+--------+--------+-----+--------+

Top non-repeatable levels by time:
     D:3: 1581 daAuts
     D:6: 1356 daAuts
     D:9: 1290 daAuts
     D:5: 1232 daAuts
    D:10: 1186 daAuts
     D:1: 1145 daAuts
     D:7: 1023 daAuts
     D:2: 886 daAuts
     D:4: 789 daAuts
     D:8: 772 daAuts
  Temple: 461 daAuts
 Ossuary: 260 daAuts
    D:11: 96 daAuts
